[Event "Titled Tuesday Blitz November 14 Late 2023"]
[White "Khismatullin, Denis"]
[Black "Hasangatin, Ramil"]
[WhiteFideId "4142578"]
[BlackFideId "4122160"]
[WhiteElo "2954"]
[BlackElo "2696"]
[Result "1-0"]
[Round "3"]
[TimeControl "180+1"]
[Date "2023.11.14"]
[WhiteClock "0:00:43"]
[BlackClock "0:00:11"]
[Board "14"]

1. c4 c6 2. Nf3 d5 3. e3 Nf6 4. Nc3 g6 5. d4 Bg7 6. Bd3 O-O 7. O-O dxc4 8. Bxc4 Bg4 9. Be2 Nbd7 10. Qb3 Qb6 11. Rd1 Rad8 12. h3 Bxf3 13. Bxf3 e5 14. Qxb6 axb6 15. a4 exd4 16. exd4 Rfe8 17. Be3 Bf8 18. g4 Kg7 19. g5 Ng8 20. d5 Ne5 21. Bg2 c5 22. Ne4 Nc4 23. Bc1 Nd6 24. Ng3 Ne7 25. Bd2 Nef5 26. Bc3+ Kg8 27. Nxf5 Nxf5 28. d6 Bxd6 29. Bxb7 Bf4 30. Bc6 Rf8 31. Bf6 Rxd1+ 32. Rxd1 h6 33. gxh6 Bxh6 34. Rd8 Bg7 35. Rxf8+ Kxf8 36. Bd8 Bxb2 37. Bxb6 c4 38. a5 c3 39. Ba4 c2 40. Bxc2 Nd4 41. a6 1-0


[Site "https://www.chess.com"]

[Event "Titled Tuesday Blitz November 14 Late 2023"]
[White "Solon, Nathan"]
[Black "Mitrabha, Guha"]
[WhiteFideId "2017229"]
[BlackFideId "5057000"]
[WhiteElo "2679"]
[BlackElo "2948"]
[Result "1-0"]
[Round "3"]
[TimeControl "180+1"]
[Date "2023.11.14"]
[WhiteClock "0:00:13"]
[BlackClock "0:00:12"]
[Board "15"]

1. d4 Nf6 2. Bf4 c5 3. d5 g6 4. Nc3 Bg7 5. e4 d6 6. Nf3 Bg4 7. a4 O-O 8. Be2 Bxf3 9. Bxf3 Nbd7 10. O-O Rb8 11. Be2 a6 12. Qd2 Ne8 13. Bh6 Nc7 14. a5 b5 15. axb6 Rxb6 16. Bxg7 Kxg7 17. b3 Rb4 18. Bxa6 Nxa6 19. Rxa6 c4 20. Qd4+ f6 21. Na2 Rb8 22. Qxc4 Rc8 23. Qe2 Qc7 24. c4 Qb7 25. Ra3 Ra8 26. Rxa8 Rxa8 27. Rb1 Ra3 28. Nc1 Qb4 29. h4 Qc3 30. Qe3 Qa5 31. Nd3 Ra1 32. Rxa1 Qxa1+ 33. Kh2 Qb1 34. Nf4 Ne5 35. Ne6+ Kf7 36. f3 g5 37. hxg5 Qf1 38. gxf6 exf6 39. Qh6 Nxf3+ 40. Kg3 Qe1+ 41. Kxf3 Qf1+ 42. Kg3 Qe1+ 43. Kh2 Ke8 44. Qf8+ 1-0


[Site "https://www.chess.com"]

[Event "Titled Tuesday Blitz November 14 Late 2023"]
[White "Bortnyk, Mykola"]
[Black "Bjelobrk, Igor"]
[WhiteFideId "14120836"]
[BlackFideId "4300726"]
[WhiteElo "2944"]
[BlackElo "2675"]
[Result "1-0"]
[Round "3"]
[TimeControl "180+1"]
[Date "2023.11.14"]
[WhiteClock "0:00:05"]
[BlackClock "0:00:07"]
[Board "16"]

1. e4 e6 2. Qe2 c5 3. b3 b6 4. Bb2 Bb7 5. g3 d6 6. Bg2 a6 7. Nf3 Nd7 8. d4 cxd4 9. Nxd4 Qc7 10. c4 Ngf6 11. O-O g6 12. Nd2 Bg7 13. Rab1 O-O 14. Kh1 Rfe8 15. Rbc1 Rac8 16. Rfd1 Qb8 17. Ba3 Nc5 18. f3 h5 19. Nf1 h4 20. Nc2 Nh5 21. Qf2 d5 22. cxd5 exd5 23. exd5 Rcd8 24. Nce3 Bh6 25. Rc3 a5 26. Bxc5 bxc5 27. Ng4 Bg7 28. Rxc5 hxg3 29. hxg3 Ba6 30. f4 Bxf1 31. Rxf1 Qb6 32. Kh2 Re2 33. Qxe2 Qxc5 34. Qe3 Bd4 35. Qd3 Kg7 36. Rd1 Bb2 37. Rd2 Nf6 38. Nxf6 Rh8+ 39. Bh3 Bxf6 40. d6 Qh5 41. Qf1 Qg4 42. d7 Bd8 43. Qg2 Rh5 44. a3 Kh7 45. b4 axb4 46. axb4 Qf5 47. Qf1 Kg8 48. Re2 Qxd7 49. Qg2 Kh7 50. Rd2 Qe7 51. Rb2 Bb6 52. b5 Qe3 53. g4 Rh6 54. Re2 Qxf4+ 55. Qg3 Qc1 56. g5 Bc7 57. gxh6 Bxg3+ 58. Kxg3 Qc7+ 59. Kg2 f5 60. Kg1 Qc1+ 61. Kh2 Qc7+ 62. Kh1 Kxh6 63. Bg2 Qb6 64. Bc6 g5 65. Re6+ Kh5 66. Be8+ Kg4 67. Rxb6 1-0


[Site "https://www.chess.com"]

[Event "Titled Tuesday Blitz November 14 Late 2023"]
[White "Kushko, Dmitriy"]
[Black "Grischuk, Alexander"]
[WhiteFideId "14162261"]
[BlackFideId "4126025"]
[WhiteElo "2669"]
[BlackElo "2936"]
[Result "0-1"]
[Round "3"]
[TimeControl "180+1"]
[Date "2023.11.14"]
[WhiteClock "0:00:00"]
[BlackClock "0:00:27"]
[Board "17"]

1. Nf3 d5 2. g3 c6 3. Bg2 Bg4 4. h3 Bh5 5. O-O e6 6. d4 Nf6 7. c4 Be7 8. Nc3 O-O 9. g4 Bg6 10. Ne5 Nbd7 11. Nxg6 hxg6 12. Qd3 Rc8 13. Rd1 Qc7 14. b3 Rfd8 15. e3 dxc4 16. Qxc4 e5 17. Bb2 Nb6 18. Qe2 exd4 19. exd4 Nfd5 20. Nxd5 Nxd5 21. Be4 Bf6 22. Qf3 Rd7 23. Rac1 Rcd8 24. a3 a5 25. Rc2 Qb6 26. Rcd2 Nc7 27. Qe3 Ne6 28. d5 Qxe3 29. fxe3 Nc7 30. Bxf6 gxf6 31. d6 Nb5 32. b4 a4 33. Bc2 Nc3 0-1


[Site "https://www.chess.com"]

[Event "Titled Tuesday Blitz November 14 Late 2023"]
[White "Kamsky, Gata"]
[Black "Sydoryka, Vladyslav"]
[WhiteFideId "2000024"]
[BlackFideId "14145928"]
[WhiteElo "2929"]
[BlackElo "2665"]
[Result "1/2-1/2"]
[Round "3"]
[TimeControl "180+1"]
[Date "2023.11.14"]
[WhiteClock "0:00:23"]
[BlackClock "0:00:57"]
[Board "18"]

1. d4 Nf6 2. Bf4 d5 3. e3 c5 4. c3 Nc6 5. Nd2 cxd4 6. exd4 Bf5 7. Ngf3 e6 8. Bb5 Bd6 9. Bg3 O-O 10. O-O a6 11. Bxc6 bxc6 12. b4 Re8 13. Re1 Bxg3 14. hxg3 Nd7 15. Nb3 Qc7 16. Re3 Bg4 17. Qc2 e5 18. Nxe5 Nxe5 19. dxe5 Rxe5 20. Rae1 Rae8 21. Rxe5 Rxe5 22. Rxe5 Qxe5 23. Qd2 h6 24. f3 Bxf3 25. gxf3 Qxg3+ 26. Qg2 Qe1+ 27. Qf1 Qxc3 28. Qxa6 Qxb4 29. Qxc6 Qe1+ 30. Kg2 Qe2+ 31. Kg3 Qe1+ 32. Kf4 g5+ 33. Kf5 Qe3 34. Kf6 Qxf3+ 35. Ke7 Qe2+ 36. Kf6 Qf2+ 37. Ke7 1/2-1/2


[Site "https://www.chess.com"]

[Event "Titled Tuesday Blitz November 14 Late 2023"]
[White "Adla, Diego"]
[Black "Chigaev, Maksim"]
[WhiteFideId "100072"]
[BlackFideId "4108116"]
[WhiteElo "2660"]
[BlackElo "2924"]
[Result "0-1"]
[Round "3"]
[TimeControl "180+1"]
[Date "2023.11.14"]
[WhiteClock "0:00:07"]
[BlackClock "0:00:06"]
[Board "19"]

1. c4 g6 2. Nc3 Bg7 3. d4 d6 4. e4 Nf6 5. Nf3 O-O 6. Be2 e5 7. d5 a5 8. Bg5 h6 9. Be3 Ng4 10. Bd2 f5 11. h3 Nf6 12. exf5 gxf5 13. Qc1 Kh7 14. g4 Na6 15. g5 hxg5 16. Nxg5+ Kh8 17. Rg1 Nc5 18. Qc2 c6 19. O-O-O cxd5 20. Nxd5 Nxd5 21. cxd5 Bd7 22. Bc3 Rc8 23. Kb1 Ba4 24. b3 Bd7 25. Bh5 Qf6 26. f4 Qh6 27. fxe5 dxe5 28. Qb2 Na4 29. bxa4 Rxc3 30. Qxc3 e4 31. Nf7+ Rxf7 32. Rxg7 Rxg7 33. Rg1 Qb6+ 34. Ka1 Qxg1+ 0-1


[Site "https://www.chess.com"]

[Event "Titled Tuesday Blitz November 14 Late 2023"]
[White "Hong, Andrew"]
[Black "Sivakumar, Shaaketh"]
[WhiteFideId "2099438"]
[BlackFideId "30940176"]
[WhiteElo "2919"]
[BlackElo "2651"]
[Result "1-0"]
[Round "3"]
[TimeControl "180+1"]
[Date "2023.11.14"]
[WhiteClock "0:01:17"]
[BlackClock "0:01:21"]
[Board "20"]

1. d4 e6 2. c4 b6 3. g3 Bb7 4. Nf3 Bb4+ 5. Nbd2 f5 6. Bg2 Nf6 7. O-O O-O 8. Qc2 Ne4 9. Ne5 Bxd2 10. Bxd2 d6 11. Nd3 Nd7 12. Be1 c5 13. Nf4 Qe7 14. d5 exd5 15. Nxd5 Qe5 16. Rd1 Rae8 17. e3 Ndf6 18. Nc7 Re7 19. f4 Ng4 20. fxe5 Nxe3 21. Qc1 Nxd1 22. exd6 1-0


[Site "https://www.chess.com"]

[Event "Titled Tuesday Blitz November 14 Late 2023"]
[White "Yeletsky, Ivan"]
[Black "reevecanada"]
[WhiteFideId "24180327"]
[WhiteElo "2912"]
[BlackElo "2650"]
[Result "1-0"]
[Round "3"]
[TimeControl "180+1"]
[Date "2023.11.14"]
[WhiteClock "0:00:05"]
[BlackClock "0:00:14"]
[Board "21"]

1. e4 c5 2. a4 Nc6 3. Bb5 Nd4 4. c3 Nxb5 5. axb5 d6 6. d4 cxd4 7. cxd4 Bd7 8. Nc3 g6 9. h4 h5 10. Nge2 Bg7 11. f3 e5 12. dxe5 dxe5 13. Bg5 Bf6 14. Qd2 Bxg5 15. hxg5 Ne7 16. Qd6 Qb8 17. Qf6 Rh7 18. O-O-O Be6 19. f4 exf4 20. Qxf4 Bg4 21. Qxg4 hxg4 22. Rxh7 Qe5 23. Kb1 a6 24. b6 Ng8 25. Rd5 Qe6 26. Nf4 Qxb6 27. Rh8 Kf8 28. Rh7 Rd8 29. e5 Re8 30. e6 Rxe6 31. Nxe6+ Qxe6 32. Rd8+ Ke7 33. Rxg8 Qf5+ 34. Ka2 Qa5+ 35. Kb1 Qf5+ 36. Kc1 Qxg5+ 37. Kc2 Qf5+ 38. Kb3 Qe6+ 39. Ka3 Qd6+ 40. Ka2 Qf6 41. Rgg7 Qe6+ 42. b3 Qe3 43. Nd5+ 1-0


[Site "https://www.chess.com"]

[Event "Titled Tuesday Blitz November 14 Late 2023"]
[White "Zhigalko, Sergei"]
[Black "Ahmad, Khagan"]
[WhiteFideId "13502956"]
[BlackFideId "13431552"]
[WhiteElo "2895"]
[BlackElo "2643"]
[Result "1-0"]
[Round "3"]
[TimeControl "180+1"]
[Date "2023.11.14"]
[WhiteClock "0:02:54"]
[BlackClock "0:02:04"]
[Board "22"]

1. e4 c5 2. Nf3 d6 3. d4 cxd4 4. Qxd4 Nc6 5. Bb5 Bd7 6. Bxc6 Bxc6 7. Nc3 Nf6 8. Bg5 e6 9. O-O-O Be7 10. Rhe1 O-O 11. Kb1 Qa5 12. Qd2 Rfd8 13. Nd4 h6 14. Nd5 Nxd5 15. Qxa5 1-0


[Site "https://www.chess.com"]

[Event "Titled Tuesday Blitz November 14 Late 2023"]
[White "Flameboard08"]
[Black "Salinas Herrera, Pablo"]
[BlackFideId "3407128"]
[WhiteElo "2632"]
[BlackElo "2893"]
[Result "0-1"]
[Round "3"]
[TimeControl "180+1"]
[Date "2023.11.14"]
[WhiteClock "0:00:00"]
[BlackClock "0:00:54"]
[Board "23"]

1. f4 d6 2. Nf3 g6 3. g3 Bg7 4. Bg2 Nc6 5. O-O e5 6. d3 Nge7 7. e4 O-O 8. Kh1 f5 9. Nc3 Kh8 10. Be3 exf4 11. gxf4 Be6 12. Ng5 Bg8 13. Qf3 Qd7 14. Rae1 Rad8 15. Bg1 Nd4 16. Qf2 fxe4 17. dxe4 c5 18. Re3 h6 19. Rh3 Qg4 20. Rh4 Qc8 21. Rh3 d5 22. exd5 Nxd5 23. Nxd5 Rxd5 24. Qg3 Ne2 25. Qe3 Nxg1 26. Bxd5 Bxd5+ 27. Kxg1 Bd4 28. Rh5 Bxe3+ 0-1


[Site "https://www.chess.com"]

[Event "Titled Tuesday Blitz November 14 Late 2023"]
[White "Vlassov, Nikolai"]
[Black "Eljanov, Pavel"]
[WhiteFideId "4103360"]
[BlackFideId "14102951"]
[WhiteElo "2632"]
[BlackElo "2878"]
[Result "0-1"]
[Round "3"]
[TimeControl "180+1"]
[Date "2023.11.14"]
[WhiteClock "0:00:09"]
[BlackClock "0:00:59"]
[Board "24"]

1. e4 c6 2. d4 d5 3. f3 dxe4 4. fxe4 e5 5. Nf3 Bg4 6. c3 Nf6 7. Bd3 Nbd7 8. O-O Bd6 9. Be3 O-O 10. Nbd2 b5 11. Kh1 Qc7 12. h3 Bh5 13. a4 a6 14. Qe1 Bg6 15. Nh4 Rae8 16. Nxg6 hxg6 17. Qh4 Nh5 18. axb5 exd4 19. cxd4 Ng3+ 20. Kg1 Nxf1 21. Rxf1 axb5 22. e5 Be7 23. Qg4 Nxe5 24. dxe5 Qxe5 25. Bd4 Bc5 26. Bxc5 Qxc5+ 27. Kh1 Rd8 28. Ne4 Qd4 29. Nf2 Qxb2 30. Qf3 Qf6 31. Qxf6 gxf6 32. Rc1 Rd6 33. Be4 f5 34. Rxc6 Rxc6 35. Bxc6 b4 36. Bd5 Rd8 37. Bb3 Rd2 38. Kg1 Rb2 39. Bd5 b3 40. Nd3 Rd2 41. Bxb3 Rxd3 42. Bc4 Rc3 43. Bd5 Kg7 44. Kf2 f4 0-1


[Site "https://www.chess.com"]

[Event "Titled Tuesday Blitz November 14 Late 2023"]
[White "Guerra Tulcan, Lenin"]
[Black "Henriquez Villagra, Cristobal"]
[WhiteFideId "3601382"]
[BlackFideId "3409350"]
[WhiteElo "2601"]
[BlackElo "2874"]
[Result "1/2-1/2"]
[Round "3"]
[TimeControl "180+1"]
[Date "2023.11.14"]
[WhiteClock "0:00:11"]
[BlackClock "0:00:08"]
[Board "25"]

1. e4 d6 2. d4 Nf6 3. Nc3 e5 4. Nf3 Nbd7 5. Be2 Be7 6. O-O O-O 7. h3 Re8 8. dxe5 Nxe5 9. Nxe5 dxe5 10. Bg5 c6 11. Qxd8 Bxd8 12. Rfd1 Be6 13. Bxf6 Bxf6 14. Bg4 Bxg4 15. hxg4 Re7 16. Rd3 Kf8 17. Rad1 Ke8 18. Ne2 Rc7 19. g3 Rd8 20. c3 Rxd3 21. Rxd3 b5 22. f4 h6 23. Kf2 a5 24. Ng1 Be7 25. Nf3 exf4 26. gxf4 g6 27. e5 a4 28. Ke3 c5 29. Ke4 b4 30. c4 Rb7 31. b3 Ra7 32. f5 axb3 33. axb3 Ra2 34. fxg6 fxg6 35. e6 Re2+ 36. Kd5 h5 37. gxh5 gxh5 38. Ne5 h4 39. Nc6 Bf8 40. e7 Bxe7 41. Nxe7 Kxe7 42. Kxc5 Re5+ 43. Kxb4 Rh5 44. Rh3 Kd6 45. c5+ Kc6 46. Kc4 Rxc5+ 47. Kd4 Rh5 48. Ke4 Kb5 49. Kf4 Kb4 50. Kg4 Rh8 51. Rxh4 Rxh4+ 52. Kxh4 Kxb3 1/2-1/2


[Site "https://www.chess.com"]

[Event "Titled Tuesday Blitz November 14 Late 2023"]
[White "Taboas Rodriguez, Daniel"]
[Black "Beerdsen, Thomas"]
[WhiteFideId "2208466"]
[BlackFideId "1030108"]
[WhiteElo "2583"]
[BlackElo "2872"]
[Result "1-0"]
[Round "3"]
[TimeControl "180+1"]
[Date "2023.11.14"]
[WhiteClock "0:00:02"]
[BlackClock "0:00:11"]
[Board "26"]

1. d4 Nf6 2. Nf3 Nc6 3. d5 Nb4 4. c4 e6 5. a3 Na6 6. Nc3 c6 7. e4 cxd5 8. cxd5 Bc5 9. e5 Ng4 10. Ne4 Qb6 11. Qc2 exd5 12. Nxc5 Nxc5 13. h3 Nh6 14. Be3 d6 15. exd6 d4 16. Bxd4 O-O 17. Qxc5 Re8+ 18. Be2 Qa6 19. Be3 Qa4 20. Bb5 Qe4 21. Bxe8 Qxe8 22. O-O Nf5 23. Rfe1 Be6 24. Rad1 b6 25. Qe5 Rd8 26. Nd4 Nh4 27. Nxe6 Qc6 28. Nf4 Re8 29. Qd5 Qd7 30. Qg5 Nf5 31. Qg4 g6 32. Nd5 Qxd6 33. Bf4 Rxe1+ 34. Rxe1 Qxd5 35. Qf3 Qd7 36. Qa8+ Kg7 37. Be5+ f6 38. Bg3 h5 39. Qe8 Qd4 40. Qe4 Qxb2 41. a4 h4 42. Bxh4 b5 43. axb5 Qxb5 44. Bg3 Qb6 45. Kh2 a5 46. Ra1 Qb5 47. Qa4 Qe2 48. Qxa5 Kh6 49. Qe1 Qd3 50. Qc1+ g5 51. Qd1 Qc3 52. Rc1 Qa3 53. Rc2 Kg6 54. Re2 Qa8 55. Qc2 Qd5 56. Qe4 Qb3 57. Rc2 Qb5 58. Rd2 Kh6 59. Rd5 Nxg3 60. fxg3 Qc6 61. Qd3 g4 62. Rd6 Qe8 63. Rxf6+ Kg7 64. Qf5 Qe3 65. Rf7+ Kg8 66. Qh7# 1-0


[Site "https://www.chess.com"]

[Event "Titled Tuesday Blitz November 14 Late 2023"]
[White "Dragomirescu, Robin-Alexandru"]
[Black "Rustemov, Alexander"]
[WhiteFideId "1213849"]
[BlackFideId "4119002"]
[WhiteElo "2558"]
[BlackElo "2866"]
[Result "1/2-1/2"]
[Round "3"]
[TimeControl "180+1"]
[Date "2023.11.14"]
[WhiteClock "0:00:04"]
[BlackClock "0:00:07"]
[Board "27"]

1. b3 d5 2. Bb2 Bf5 3. e3 e6 4. Nf3 h6 5. c4 Nf6 6. Nc3 c6 7. Be2 Nbd7 8. O-O Bd6 9. d3 Qe7 10. Qc2 O-O 11. Rac1 a5 12. Rfd1 Rfd8 13. Qb1 Ba3 14. Qa1 Rac8 15. h3 Bxb2 16. Qxb2 Nc5 17. Ne5 Nfd7 18. Nxd7 Nxd7 19. cxd5 exd5 20. d4 Nf6 21. a3 Ne4 22. b4 axb4 23. axb4 Rd6 24. Bg4 Bxg4 25. hxg4 Re8 26. b5 Rg6 27. bxc6 bxc6 28. f3 Nxc3 29. Rxc3 Re6 30. Rdd3 Qg5 31. Qc1 h5 32. gxh5 Qxh5 33. Rxc6 Rxc6 34. Qxc6 Re6 35. Qa8+ Kh7 36. Rc3 Qh4 37. Qa1 Rh6 38. Qb1+ g6 39. Rb3 Kg7 40. Rb7 Qh2+ 41. Kf2 Rh5 42. Qg1 Qh4+ 43. Ke2 Rg5 44. Rb2 Qg3 45. Kf1 Qc7 46. Re2 Qc1+ 47. Re1 Qc7 48. Qf2 Rh5 49. g3 Qc4+ 50. Kg2 Qc8 51. Rh1 Rg5 52. Rh3 Qf5 53. g4 Qd3 54. Qh4 Kf6 55. f4 Qe2+ 56. Kh1 Qf1+ 57. Kh2 Qe2+ 58. Kh1 Qf1+ 59. Kh2 Qe2+ 60. Kh1 1/2-1/2


[Site "https://www.chess.com"]

[Event "Titled Tuesday Blitz November 14 Late 2023"]
[White "Szpar, Milosz"]
[Black "TimGrutter03"]
[WhiteFideId "1184989"]
[WhiteElo "2861"]
[BlackElo "2535"]
[Result "1-0"]
[Round "3"]
[TimeControl "180+1"]
[Date "2023.11.14"]
[WhiteClock "0:00:20"]
[BlackClock "0:00:02"]
[Board "28"]

1. Nf3 g6 2. e4 Bg7 3. d4 d6 4. c3 Nc6 5. h3 e5 6. Bb5 Bd7 7. O-O Nf6 8. Re1 O-O 9. a4 a6 10. Bd3 exd4 11. cxd4 Nb4 12. Bf1 c5 13. d5 b5 14. Nc3 Re8 15. Bf4 Qb6 16. axb5 axb5 17. Rxa8 Rxa8 18. e5 dxe5 19. Nxe5 c4 20. Qf3 Bf5 21. g4 Nd3 22. Bxd3 Bxd3 23. d6 Rd8 24. Nxd3 cxd3 25. Qxd3 b4 26. Nd5 Nxd5 27. Qxd5 Qd4 28. Qxd4 Bxd4 29. b3 Kg7 30. Rd1 Bb6 31. Rd5 Kf6 32. Bg5+ Ke6 33. Bxd8 Bxd8 34. Rd4 Kd7 35. Rxb4 Kxd6 36. Rd4+ Kc7 37. Rxd8 Kxd8 38. Kg2 Kc7 39. Kf3 Kd6 40. Ke4 1-0


[Site "https://www.chess.com"]

[Event "Titled Tuesday Blitz November 14 Late 2023"]
[White "Jovic, Stanoje"]
[Black "Tactrics"]
[WhiteFideId "905020"]
[WhiteElo "2531"]
[BlackElo "2856"]
[Result "0-1"]
[Round "3"]
[TimeControl "180+1"]
[Date "2023.11.14"]
[WhiteClock "0:00:00"]
[BlackClock "0:00:22"]
[Board "29"]

1. c4 c5 2. g3 g6 3. Bg2 Bg7 4. Nc3 Nc6 5. Nf3 Nh6 6. h4 Nf5 7. h5 e6 8. d3 d6 9. Ne4 b6 10. h6 Bf8 11. g4 d5 12. gxf5 dxe4 13. dxe4 Qxd1+ 14. Kxd1 exf5 15. exf5 Bxf5 16. Bg5 Be7 17. Bxe7 Kxe7 18. Nh4 Rad8+ 19. Kc1 Nd4 20. Nxf5+ Nxf5 21. e3 Rd6 22. Kc2 Rhd8 23. Bd5 Kf6 24. a4 a5 25. Rag1 Ne7 26. e4 Nc6 27. f4 Nd4+ 28. Kd3 Ke7 29. e5 R6d7 30. Ke4 f6 31. Rh3 Rf8 32. Rd1 fxe5 33. fxe5 Ne6 34. Rg1 Rf5 35. Rb3 Ng5+ 36. Rxg5 Rxg5 37. Rxb6 Rh5 38. Ra6 Rh4+ 39. Ke3 Rxh6 40. Rxa5 Rh3+ 41. Ke4 Rb3 42. Rxc5 Rxb2 43. Rc8 Ra2 44. Rh8 h5 45. Rg8 Rg2 46. a5 h4 47. a6 Re2+ 48. Kd4 Ra2 49. Rxg6 h3 50. Rh6 h2 51. Rh7+ Kd8 52. Rxd7+ Kxd7 53. Ke3 Rxa6 54. Kf2 Ra1 0-1


[Site "https://www.chess.com"]

[Event "Titled Tuesday Blitz November 14 Late 2023"]
[White "Zakhartsov, Vladimir"]
[Black "subham777"]
[WhiteFideId "4145097"]
[WhiteElo "2851"]
[BlackElo "2530"]
[Result "1-0"]
[Round "3"]
[TimeControl "180+1"]
[Date "2023.11.14"]
[WhiteClock "0:01:05"]
[BlackClock "0:00:00"]
[Board "30"]

1. e4 e6 2. d4 d5 3. Nd2 c5 4. exd5 Qxd5 5. dxc5 Bxc5 6. Ngf3 Nc6 7. Bc4 Qh5 8. Qe2 Nf6 9. Nf1 Ng4 10. Ng3 Qg6 11. O-O h5 12. Bd3 Qf6 13. Ne4 Qe7 14. Nxc5 Qxc5 15. c3 Bd7 16. Bf4 O-O-O 17. b4 Qb6 18. b5 Ne7 19. h3 Nd5 20. Bg3 Ngf6 21. Ne5 h4 22. Bh2 Rdf8 23. Nc4 Qc5 24. Bd6 Nxc3 25. Bxc5 Nxe2+ 26. Bxe2 Rd8 27. Nd6+ Kb8 28. Nxf7 Bc8 29. Nxh8 Rxh8 30. Bd6+ Ka8 31. Rac1 Nd5 32. Bf3 Bd7 33. a4 Rd8 34. Bxd5 exd5 35. Rc7 Bf5 36. Rfc1 b6 37. Be5 d4 38. Rxg7 d3 39. Rcc7 1-0


[Site "https://www.chess.com"]

[Event "Titled Tuesday Blitz November 14 Late 2023"]
[White "Weimarraner"]
[Black "Pakleza, Zbigniew"]
[BlackFideId "1119290"]
[WhiteElo "2528"]
[BlackElo "2826"]
[Result "1/2-1/2"]
[Round "3"]
[TimeControl "180+1"]
[Date "2023.11.14"]
[WhiteClock "0:00:06"]
[BlackClock "0:00:04"]
[Board "31"]

1. d4 d6 2. Nf3 Bg4 3. e3 Nf6 4. h3 Bh5 5. g4 Bg6 6. Nh4 Be4 7. f3 Bc6 8. Ng2 e6 9. c4 b6 10. Nc3 Be7 11. b3 d5 12. Bd3 Nbd7 13. a3 O-O 14. e4 dxe4 15. fxe4 e5 16. d5 Bb7 17. Be3 a5 18. O-O Ne8 19. Bf2 Bc5 20. Ne3 g6 21. Na4 Bd4 22. Ra2 Nd6 23. Kg2 Nc5 24. Nxc5 bxc5 25. Re2 Bc8 26. a4 Rb8 27. Bc2 Bd7 28. Qd2 Ra8 29. Nd1 Kg7 30. Be3 Kg8 31. Bh6 f6 32. Bxf8 Qxf8 33. Nc3 Qg7 34. Ree1 Kh8 35. Kh1 Rf8 36. Ne2 Ra8 37. Nxd4 cxd4 38. Qf2 Rf8 39. c5 Ne8 40. c6 Bc8 41. Bd3 Nd6 42. Qg3 Re8 43. Rf3 Rf8 44. Ref1 g5 45. Qf2 Ne8 46. Qd2 h5 47. Rg3 Nd6 48. Qf2 Kh7 49. Kg2 hxg4 50. hxg4 Kg6 51. Rh1 Rh8 52. Rxh8 Qxh8 53. Rh3 Qf8 54. Qg3 Nf7 55. Be2 Qb4 56. Qh2 Qf8 57. Rh7 Nh6 58. Rxh6+ Qxh6 59. Qxh6+ Kxh6 60. Kf3 Kg7 61. Bc4 Kf8 62. Be2 Ke7 63. Kf2 Kd6 64. Ke1 Kc5 65. Kd2 Kb4 66. Kc2 Ka3 67. Bf3 d3+ 68. Kxd3 Kxb3 69. Bd1+ Kb4 70. Ke3 Ba6 71. Be2 Bc8 72. Bb5 Kc3 73. Be2 Kb4 74. Bd1 Ba6 75. Be2 Bc8 1/2-1/2


[Site "https://www.chess.com"]

[Event "Titled Tuesday Blitz November 14 Late 2023"]
[White "Ponce Cano, Adrian"]
[Black "Mikaelyan, Arman"]
[WhiteFideId "22296913"]
[BlackFideId "13304852"]
[WhiteElo "2526"]
[BlackElo "2826"]
[Result "0-1"]
[Round "3"]
[TimeControl "180+1"]
[Date "2023.11.14"]
[WhiteClock "0:00:00"]
[BlackClock "0:00:53"]
[Board "32"]

1. d4 Nf6 2. Nc3 c5 3. e4 cxd4 4. Qxd4 Nc6 5. Qe3 e6 6. Bd2 Bb4 7. O-O-O O-O 8. f4 d5 9. exd5 exd5 10. Qd3 d4 11. Ne4 Nxe4 12. Qxe4 Bxd2+ 13. Rxd2 Re8 14. Qf3 Qa5 15. Bc4 Bf5 16. Ne2 Rac8 17. Ng3 Nb4 18. Bxf7+ Kxf7 19. Qh5+ Kg8 20. Qxf5 Qxa2 21. Rxd4 Nxc2 22. Qd5+ Qxd5 23. Rxd5 Ne3+ 24. Kb1 Nxd5 25. f5 Nb4 0-1


[Site "https://www.chess.com"]

[Event "Titled Tuesday Blitz November 14 Late 2023"]
[White "Molina Carretero, Daniel"]
[Black "Ivic, Velimir"]
[WhiteFideId "32071914"]
[BlackFideId "950122"]
[WhiteElo "2454"]
[BlackElo "2821"]
[Result "0-1"]
[Round "3"]
[TimeControl "180+1"]
[Date "2023.11.14"]
[WhiteClock "0:00:11"]
[BlackClock "0:00:55"]
[Board "33"]

1. c4 e5 2. g3 Nc6 3. Bg2 Bc5 4. Nc3 Nf6 5. e3 d6 6. Nge2 a6 7. a3 Ba7 8. h3 O-O 9. d3 Re8 10. b4 Ne7 11. d4 Ng6 12. Bb2 c6 13. O-O e4 14. Nf4 Nxf4 15. gxf4 d5 16. c5 Bf5 17. Kh2 Bb8 18. Ne2 Bc7 19. Ng3 Bd7 20. Qe2 Qe7 21. Rg1 a5 22. Bc3 g6 23. Rae1 axb4 24. axb4 Ra3 25. Qb2 Rea8 26. Ra1 Rxa1 27. Rxa1 Rxa1 28. Qxa1 Qd8 29. Qa7 Qc8 30. Qa1 h5 31. Qf1 h4 32. Ne2 Nh5 33. f3 Nf6 34. fxe4 dxe4 35. d5 Nxd5 36. Bd4 Bf5 37. Qe1 Qe6 38. Qxh4 f6 39. Nc3 g5 40. Qg3 Nxf4 41. Kh1 Nd5 42. Qf2 Nxb4 43. h4 Nd3 44. Qc2 gxh4 45. Qa4 h3 46. Bf1 Nf2+ 47. Kg1 h2+ 48. Kxf2 h1=Q 49. Qa8+ Kf7 50. Qxb7 Qh2+ 51. Ke1 Kg6 52. Qxc7 Qxc7 53. Be2 Bg4 0-1


[Site "https://www.chess.com"]

[Event "Titled Tuesday Blitz November 14 Late 2023"]
[White "Ward, Ieuan C"]
[Black "Hafiz, Arif Abdul"]
[WhiteFideId "406627"]
[BlackFideId "7104227"]
[WhiteElo "2373"]
[BlackElo "2814"]
[Result "0-1"]
[Round "3"]
[TimeControl "180+1"]
[Date "2023.11.14"]
[WhiteClock "0:00:00"]
[BlackClock "0:01:08"]
[Board "34"]

1. d4 Nf6 2. c4 g6 3. Nc3 d5 4. cxd5 Nxd5 5. e4 Nxc3 6. bxc3 Bg7 7. Nf3 c5 8. Rb1 O-O 9. Be2 Qa5 10. O-O Qxa2 11. Bg5 Qe6 12. Bd3 cxd4 13. cxd4 b6 14. d5 Qd6 15. Rc1 Ba6 16. Bxa6 Nxa6 17. Rc6 Qd7 18. Qe2 Nc5 19. Rd1 Rfc8 20. Rxc8+ Rxc8 21. e5 a5 22. d6 exd6 23. Rxd6 Qc7 24. Qb5 Ne4 25. Rd1 Nxg5 26. Nxg5 Qxe5 27. Qd7 Rf8 28. Nf3 Qb2 29. h4 b5 30. Rd2 Qb1+ 31. Rd1 Qf5 0-1


[Site "https://www.chess.com"]

[Event "Titled Tuesday Blitz November 14 Late 2023"]
[White "Ghasi, Ameet K"]
[Black "Spichkin, Alexander"]
[WhiteFideId "409200"]
[BlackFideId "4144074"]
[WhiteElo "2812"]
[BlackElo "2345"]
[Result "1-0"]
[Round "3"]
[TimeControl "180+1"]
[Date "2023.11.14"]
[WhiteClock "0:01:25"]
[BlackClock "0:01:03"]
[Board "35"]

1. b3 d6 2. Bb2 c6 3. d4 Nd7 4. e4 h6 5. f4 g5 6. f5 Bg7 7. Bd3 Qa5+ 8. c3 Ngf6 9. Nf3 Nf8 10. O-O Qb6 11. Nbd2 Bd7 12. e5 dxe5 13. Nc4 Qc7 14. dxe5 Ng4 15. Qe2 b5 16. Nd6+ Kd8 17. Nxf7+ Kc8 18. h3 Qb6+ 19. Nd4 Nxe5 20. Nxe5 c5 21. Rac1 cxd4 22. cxd4+ Kb8 23. Kh1 a6 24. Nxd7+ Nxd7 25. Qxe7 Bxd4 26. Ba3 Ra7 27. Bd6+ Ka8 28. Be4+ Rb7 29. Qxd7 Be3 30. Rc8+ Rxc8 31. Qxc8+ Ka7 32. Qxb7+ Qxb7 33. Bxb7 Kxb7 34. f6 Kc6 35. f7 Kxd6 36. f8=Q+ Kd5 37. Qf7+ Ke4 38. Qf5+ Kd4 39. Rd1+ Kc3 40. Qd3+ Kb2 41. Qxe3 g4 42. Qc1+ Kxa2 43. Rd2+ Kxb3 44. Rd3+ Kb4 45. Qa3+ Kc4 46. Qc3# 1-0


[Site "https://www.chess.com"]

[Event "Titled Tuesday Blitz November 14 Late 2023"]
[White "VitaliyChayka"]
[Black "Bazeev, German"]
[BlackFideId "24119350"]
[WhiteElo "2328"]
[BlackElo "2801"]
[Result "0-1"]
[Round "3"]
[TimeControl "180+1"]
[Date "2023.11.14"]
[WhiteClock "0:00:13"]
[BlackClock "0:00:34"]
[Board "36"]

1. d4 Nf6 2. Bf4 g6 3. e3 Bg7 4. h3 O-O 5. Nf3 d6 6. Be2 Nc6 7. O-O Nd7 8. Bh2 b6 9. c4 Bb7 10. Nc3 h6 11. a3 a5 12. Qc2 e5 13. d5 Ne7 14. b4 f5 15. e4 f4 16. Nd2 g5 17. Nb3 a4 18. Nd2 Nf6 19. c5 Bc8 20. cxd6 cxd6 21. f3 h5 22. Nb5 g4 23. hxg4 hxg4 24. fxg4 Bxg4 25. Bxg4 Nxg4 26. Qc7 Rf6 27. Rac1 Ne3 28. Rf3 Rg6 29. Qxd8+ Rxd8 30. g3 Bh6 31. Kh1 fxg3 32. Rxg3 N3xd5 33. Rxg6+ Nxg6 34. exd5 Bxd2 35. Rg1 Kf7 36. Rg2 Bf4 37. Rc2 Kf6 38. Bxf4 exf4 39. Rc6 Ke5 40. Nc3 Kd4 41. Nxa4 Ne5 42. Rxb6 Ke3 43. Kg2 f3+ 44. Kf1 Rh8 0-1


[Site "https://www.chess.com"]